[ AOE2 MATCH · #483928060 ]
UnrankedCumans vs Wei
[ REPLAY ANALYSIS · EXTRACTED FROM THE RECORDED GAME ]
Feudal
9:14
Castle
19:57
Imperial
—
| APM avg | 45.2 |
| APM peak | 79 |
| eAPM avg | 20.7 |
| Villagers / military | 105 / 34 |
Focus
⚔️ 26.5% · 🌾 73.5%
Knight ×34
Feudal
10:33
Castle
23:34
Imperial
—
| APM avg | 28.7 |
| APM peak | 58 |
| eAPM avg | 14.8 |
| Villagers / military | 77 / 43 |
Focus
⚔️ 30.2% · 🌾 69.8%
Archer ×43
Feudal
11:22
Castle
14:56
Imperial
—
| APM avg | 62.3 |
| APM peak | 99 |
| eAPM avg | 28.3 |
| Villagers / military | 89 / 1 |
Focus
⚔️ 35.4% · 🌾 64.6%
Unknown (2550) ×46 · Monk ×1
Feudal
9:16
Castle
18:58
Imperial
—
| APM avg | 61.0 |
| APM peak | 88 |
| eAPM avg | 22.9 |
| Villagers / military | 80 / 30 |
Focus
⚔️ 27.8% · 🌾 72.2%
Knight ×27 · Scout Cavalry ×3
Feudal
12:15
Castle
16:12
Imperial
—
| APM avg | 55.5 |
| APM peak | 89 |
| eAPM avg | 24.0 |
| Villagers / military | 67 / 30 |
Focus
⚔️ 41.3% · 🌾 58.7%
Mameluke ×27 · Militia ×2 · Mangonel ×1
Feudal
8:59
Castle
22:01
Imperial
—
| APM avg | 48.1 |
| APM peak | 84 |
| eAPM avg | 18.9 |
| Villagers / military | 58 / 44 |
Focus
⚔️ 44.8% · 🌾 55.2%
Archer ×41 · Mangonel ×3
Feudal
10:43
Castle
25:45
Imperial
—
| APM avg | 31.2 |
| APM peak | 74 |
| eAPM avg | 16.2 |
| Villagers / military | 64 / 55 |
Focus
⚔️ 32.9% · 🌾 67.1%
Skirmisher ×42 · Spearman ×9 · Archer ×2 · Iron Pagoda ×2
Feudal
8:56
Castle
19:58
Imperial
—
| APM avg | 40.2 |
| APM peak | 64 |
| eAPM avg | 18.3 |
| Villagers / military | 81 / 16 |
Focus
⚔️ 35.0% · 🌾 65.0%
Knight ×11 · Scout Cavalry ×5
Match map
Initial resources + every placement click. Lines = walls · curves = elevation contours. ◆ gold · ⬟ stone · ● berries · ✦ relic · ◌ wall gap
Your base· Open — 2t gap
Vhuim's base· Open — unwalled flank
Oni.TaToH's base· Open — unwalled flank
President Jibbet's base· Open — 6t gap
[R1] Pume's base· Open — unwalled flank
naschnator's base· ✓ Closed at 22:01 · 33t walls · 1 gate(s)
Brodo Swaggins's base· ✓ Closed at 25:45 · 49t walls · 1 gate(s)
nicetobeatyou's base· Open — unwalled flank
Smoothed initial terrain · ◌ = detected wall gap · hover for details
Inputs per minute
— Moneimon - - Vhuim
Build order — Moneimon
First 150 of 283 actions detected
| 0:04 | Create | Villager (Male) |
| 0:04 | Create | Villager (Male) |
| 0:05 | Build | House |
| 0:06 | Build | House |
| 0:21 | Create | Villager (Male) |
| 0:21 | Create | Villager (Male) |
| 1:27 | Build | Lumber Camp |
| 1:31 | Create | Villager (Male) |
| 1:55 | Create | Villager (Male) |
| 2:16 | Create | Villager (Male) |
| 2:37 | Build | House |
| 2:48 | Create | Villager (Male) |
| 2:59 | Create | Villager (Male) |
| 3:17 | Create | Villager (Male) |
| 3:55 | Create | Villager (Male) |
| 4:02 | Create | Villager (Male) |
| 4:02 | Create | Villager (Male) |
| 5:16 | Create | Villager (Male) |
| 5:53 | Create | Villager (Male) |
| 6:29 | Create | Villager (Male) |
| 6:37 | Build | Mill |
| 7:04 | Research | Feudal Age |
| 7:04 | Research | Feudal Age |
| 7:15 | Build | House |
| 7:18 | Build | Palisade Wall |
| 7:43 | Research | Loom |
| 9:14 | Age | Feudal Age |
| 9:16 | Create | Villager (Male) |
| 9:20 | Build | Town Center |
| 9:21 | Research | Double-Bit Axe |
| 9:22 | Research | Horse Collar |
| 9:29 | Create | Villager (Male) |
| 9:47 | Create | Villager (Male) |
| 10:03 | Build | House |
| 10:06 | Create | Villager (Male) |
| 10:13 | Build | House |
| 10:18 | Build | Palisade Wall |
| 10:18 | Build | Palisade Wall |
| 10:22 | Create | Villager (Male) |
| 10:29 | Create | Villager (Male) |
| 10:50 | Build | Farm |
| 10:53 | Create | Villager (Male) |
| 10:57 | Create | Villager (Male) |
| 11:03 | Build | Farm |
| 11:05 | Create | Villager (Male) |
| 11:19 | Create | Villager (Male) |
| 11:24 | Build | Farm |
| 11:26 | Create | Villager (Male) |
| 11:28 | Build | House |
| 11:30 | Build | Palisade Wall |
| 11:36 | Create | Villager (Male) |
| 11:46 | Create | Villager (Male) |
| 11:48 | Build | Farm |
| 11:55 | Build | Farm |
| 11:58 | Create | Villager (Male) |
| 12:10 | Build | Farm |
| 12:18 | Create | Villager (Male) |
| 12:20 | Build | Farm |
| 12:27 | Build | Farm |
| 12:36 | Create | Villager (Male) |
| 12:41 | Build | House |
| 12:47 | Create | Villager (Male) |
| 12:56 | Build | House |
| 12:58 | Build | House |
| 12:58 | Create | Villager (Male) |
| 13:05 | Build | Farm |
| 13:08 | Create | Villager (Male) |
| 13:10 | Build | Farm |
| 13:25 | Build | Farm |
| 13:28 | Build | House |
| 13:32 | Create | Villager (Male) |
| 13:46 | Build | Farm |
| 13:50 | Create | Villager (Male) |
| 13:58 | Create | Villager (Male) |
| 14:07 | Create | Villager (Male) |
| 14:09 | Build | Farm |
| 14:14 | Build | Farm |
| 14:21 | Build | Farm |
| 14:24 | Create | Villager (Male) |
| 14:36 | Create | Villager (Male) |
| 14:44 | Create | Villager (Male) |
| 14:46 | Build | Farm |
| 15:00 | Build | Market |
| 15:07 | Create | Villager (Male) |
| 15:10 | Build | Farm |
| 15:15 | Build | Farm |
| 15:19 | Create | Villager (Male) |
| 15:28 | Build | Farm |
| 15:35 | Create | Villager (Male) |
| 15:49 | Build | Farm |
| 15:49 | Create | Villager (Male) |
| 15:51 | Build | Farm |
| 16:00 | Build | House |
| 16:02 | Build | House |
| 16:05 | Create | Villager (Male) |
| 16:13 | Build | Blacksmith |
| 16:27 | Build | Farm |
| 16:52 | Build | Farm |
| 16:52 | Create | Villager (Male) |
| 16:55 | Create | Villager (Male) |
| 17:02 | Build | Barracks |
| 17:16 | Research | Castle Age |
| 17:23 | Create | Villager (Male) |
| 17:32 | Build | Farm |
| 17:35 | Create | Villager (Male) |
| 17:46 | Create | Villager (Male) |
| 18:03 | Build | House |
| 18:05 | Build | House |
| 18:07 | Build | House |
| 18:08 | Build | Stable |
| 18:09 | Build | Stable |
| 18:12 | Create | Villager (Male) |
| 18:13 | Create | Villager (Male) |
| 18:16 | Build | Stable |
| 18:26 | Build | Farm |
| 18:28 | Build | Farm |
| 18:37 | Build | House |
| 18:40 | Build | House |
| 18:42 | Build | House |
| 18:47 | Research | Scale Barding Armor |
| 18:53 | Create | Villager (Male) |
| 19:00 | Research | Bloodlines |
| 19:00 | Research | Bloodlines |
| 19:14 | Build | Farm |
| 19:24 | Build | Farm |
| 19:24 | Build | Farm |
| 19:26 | Build | Mill |
| 19:34 | Build | Farm |
| 19:35 | Create | Villager (Male) |
| 19:38 | Research | Forging |
| 19:45 | Create | Villager (Male) |
| 19:52 | Build | Farm |
| 19:57 | Age | Castle Age |
| 19:59 | Create | Knight |
| 19:59 | Create | Knight |
| 19:59 | Create | Knight |
| 20:02 | Research | Bow Saw |
| 20:11 | Research | Heavy Plow |
| 20:22 | Create | Knight |
| 20:22 | Create | Knight |
| 20:25 | Build | Farm |
| 20:28 | Build | Farm |
| 20:29 | Create | Knight |
| 20:29 | Create | Knight |
| 20:33 | Create | Villager (Male) |
| 20:36 | Build | Farm |
| 20:53 | Create | Knight |
| 20:53 | Create | Villager (Male) |
| 21:00 | Build | Farm |
| 21:00 | Build | Farm |
Build order — Vhuim
First 150 of 183 actions detected
| 0:03 | Create | Villager (Male) |
| 0:03 | Create | Villager (Male) |
| 0:03 | Create | Villager (Male) |
| 0:04 | Build | House |
| 0:08 | Build | House |
| 0:17 | Create | Villager (Male) |
| 0:18 | Create | Villager (Male) |
| 0:18 | Create | Villager (Male) |
| 1:26 | Create | Villager (Male) |
| 1:27 | Create | Villager (Male) |
| 1:47 | Create | Villager (Male) |
| 1:47 | Create | Villager (Male) |
| 1:48 | Create | Villager (Male) |
| 2:15 | Build | Lumber Camp |
| 2:27 | Create | Villager (Male) |
| 2:28 | Create | Villager (Male) |
| 2:28 | Create | Villager (Male) |
| 2:50 | Create | Villager (Male) |
| 2:50 | Create | Villager (Male) |
| 3:10 | Create | Villager (Male) |
| 3:10 | Create | Villager (Male) |
| 3:25 | Build | House |
| 3:27 | Build | House |
| 3:32 | Create | Villager (Male) |
| 3:33 | Create | Villager (Male) |
| 3:33 | Create | Villager (Male) |
| 3:33 | Create | Villager (Male) |
| 4:07 | Create | Villager (Male) |
| 4:12 | Create | Villager (Male) |
| 4:12 | Create | Villager (Male) |
| 4:13 | Create | Villager (Male) |
| 4:38 | Create | Villager (Male) |
| 4:38 | Create | Villager (Male) |
| 5:11 | Build | Mill |
| 5:23 | Create | Villager (Male) |
| 5:23 | Create | Villager (Male) |
| 5:24 | Create | Villager (Male) |
| 5:24 | Create | Villager (Male) |
| 6:08 | Create | Villager (Male) |
| 6:26 | Create | Villager (Male) |
| 7:06 | Research | Loom |
| 7:31 | Create | Villager (Male) |
| 7:49 | Create | Villager (Male) |
| 8:09 | Build | Barracks |
| 8:11 | Build | House |
| 8:16 | Build | Palisade Wall |
| 8:21 | Research | Feudal Age |
| 9:04 | Create | Villager (Male) |
| 9:05 | Create | Villager (Male) |
| 9:56 | Create | Villager (Male) |
| 10:11 | Create | Villager (Male) |
| 10:21 | Build | Mining Camp |
| 10:33 | Age | Feudal Age |
| 10:34 | Create | Villager (Male) |
| 10:38 | Build | Archery Range |
| 10:45 | Research | Double-Bit Axe |
| 10:52 | Research | Horse Collar |
| 11:05 | Build | House |
| 11:07 | Build | House |
| 11:29 | Create | Archer |
| 11:29 | Create | Archer |
| 11:36 | Create | Villager (Male) |
| 11:53 | Build | Archery Range |
| 11:54 | Create | Archer |
| 12:03 | Build | House |
| 12:04 | Build | House |
| 12:15 | Create | Villager (Male) |
| 12:23 | Create | Archer |
| 12:37 | Create | Villager (Male) |
| 12:37 | Create | Villager (Male) |
| 12:38 | Create | Villager (Male) |
| 12:53 | Build | Blacksmith |
| 13:00 | Create | Villager (Male) |
| 13:00 | Create | Villager (Male) |
| 13:00 | Create | Villager (Male) |
| 13:04 | Create | Archer |
| 13:04 | Create | Archer |
| 13:19 | Create | Archer |
| 13:19 | Create | Archer |
| 13:45 | Create | Archer |
| 13:52 | Build | Mill |
| 13:58 | Create | Villager (Male) |
| 13:59 | Create | Villager (Male) |
| 13:59 | Create | Villager (Male) |
| 14:01 | Build | House |
| 14:03 | Build | House |
| 14:06 | Create | Archer |
| 14:06 | Create | Archer |
| 14:38 | Build | House |
| 14:40 | Build | House |
| 14:43 | Create | Villager (Male) |
| 14:45 | Create | Archer |
| 14:45 | Create | Archer |
| 14:45 | Create | Archer |
| 15:00 | Build | Farm |
| 15:03 | Build | Farm |
| 15:05 | Build | Farm |
| 15:14 | Create | Villager (Male) |
| 15:16 | Create | Villager (Male) |
| 15:20 | Build | Farm |
| 15:27 | Create | Archer |
| 15:27 | Create | Archer |
| 15:28 | Create | Archer |
| 15:52 | Create | Archer |
| 15:53 | Create | Archer |
| 16:13 | Create | Villager (Male) |
| 16:13 | Create | Villager (Male) |
| 16:25 | Create | Archer |
| 16:25 | Create | Archer |
| 16:29 | Create | Villager (Male) |
| 17:08 | Research | Fletching |
| 17:08 | Create | Villager (Male) |
| 17:10 | Build | Farm |
| 17:13 | Build | Farm |
| 17:21 | Create | Villager (Male) |
| 17:35 | Create | Villager (Male) |
| 17:51 | Research | Gold Mining |
| 18:05 | Create | Villager (Male) |
| 18:17 | Build | Market |
| 18:28 | Create | Villager (Male) |
| 18:31 | Build | Farm |
| 18:34 | Build | Farm |
| 18:37 | Build | Farm |
| 18:40 | Build | Farm |
| 18:44 | Build | Farm |
| 18:47 | Build | Farm |
| 18:53 | Create | Archer |
| 18:53 | Create | Archer |
| 19:01 | Build | Lumber Camp |
| 19:05 | Create | Villager (Male) |
| 19:34 | Create | Villager (Male) |
| 19:38 | Build | Farm |
| 19:44 | Build | Farm |
| 19:46 | Create | Villager (Male) |
| 19:54 | Create | Archer |
| 20:22 | Create | Villager (Male) |
| 20:51 | Research | Castle Age |
| 20:51 | Research | Castle Age |
| 21:01 | Build | House |
| 21:02 | Create | Archer |
| 21:02 | Create | Archer |
| 21:22 | Research | Stone Mining |
| 21:25 | Build | Mining Camp |
| 21:33 | Create | Archer |
| 21:33 | Create | Archer |
| 21:42 | Create | Archer |
| 21:42 | Create | Archer |
| 21:42 | Create | Archer |
| 22:00 | Research | Padded Archer Armor |
| 22:01 | Research | Padded Archer Armor |
Build order — Oni.TaToH
First 150 of 229 actions detected
| 0:02 | Create | Villager (Male) ×4 |
| 0:03 | Build | House |
| 0:06 | Build | House |
| 1:25 | Create | Villager (Male) |
| 2:01 | Create | Villager (Male) |
| 2:05 | Build | Settlement |
| 2:17 | Create | Villager (Male) |
| 2:37 | Create | Villager (Male) |
| 3:15 | Create | Villager (Male) |
| 3:19 | Create | Villager (Male) |
| 3:57 | Create | Villager (Male) |
| 4:34 | Create | Villager (Male) |
| 4:59 | Create | Villager (Male) ×2 |
| 5:10 | Build | Farm |
| 5:38 | Create | Villager (Male) |
| 5:54 | Build | Farm |
| 5:56 | Build | Farm |
| 5:56 | Create | Villager (Male) |
| 6:19 | Create | Villager (Male) |
| 6:38 | Build | Farm |
| 6:42 | Build | Farm |
| 6:58 | Create | Villager (Male) |
| 7:10 | Create | Villager (Male) |
| 7:12 | Build | Settlement |
| 7:42 | Create | Villager (Male) |
| 7:47 | Build | Farm |
| 7:59 | Create | Villager (Male) |
| 8:24 | Build | Farm |
| 8:25 | Research | Loom |
| 9:00 | Research | Feudal Age |
| 10:54 | Create | Villager (Male) |
| 11:05 | Create | Villager (Male) |
| 11:16 | Create | Villager (Male) |
| 11:22 | Age | Feudal Age |
| 11:23 | Build | Market |
| 11:25 | Build | Blacksmith |
| 11:27 | Research | Double-Bit Axe |
| 12:12 | Build | Barracks |
| 12:16 | Research | Castle Age |
| 12:23 | Research | Horse Collar |
| 12:23 | Research | Horse Collar |
| 12:43 | Build | Outpost |
| 12:54 | Research | Scale Mail Armor |
| 12:54 | Research | Scale Mail Armor |
| 12:57 | Create | Unit 2550 |
| 13:18 | Research | Tech 1402 |
| 13:31 | Create | Villager (Male) |
| 13:43 | Create | Unit 2550 |
| 13:46 | Build | Farm |
| 13:48 | Build | Farm |
| 14:10 | Build | Barracks |
| 14:56 | Age | Castle Age |
| 14:59 | Research | Tech 1351 |
| 15:07 | Research | Squires |
| 15:12 | Create | Villager (Male) |
| 15:15 | Build | Farm |
| 15:31 | Create | Unit 2550 |
| 15:37 | Build | Outpost |
| 15:42 | Create | Villager (Male) |
| 15:45 | Research | Forging |
| 15:54 | Create | Unit 2550 |
| 16:01 | Create | Villager (Male) |
| 16:12 | Build | Farm |
| 16:14 | Create | Unit 2550 |
| 16:14 | Create | Unit 2550 |
| 16:14 | Create | Unit 2550 |
| 16:18 | Build | Farm |
| 16:22 | Create | Villager (Male) |
| 16:38 | Research | Arson |
| 16:39 | Research | Arson |
| 16:56 | Create | Villager (Male) |
| 16:58 | Build | Farm |
| 17:06 | Create | Unit 2550 |
| 17:09 | Create | Villager (Male) |
| 17:10 | Build | Farm |
| 17:32 | Build | Farm |
| 17:33 | Create | Unit 2550 |
| 17:47 | Create | Villager (Male) |
| 17:59 | Build | Farm |
| 18:01 | Build | Farm |
| 18:05 | Create | Unit 2550 |
| 18:19 | Create | Villager (Male) |
| 18:31 | Create | Villager (Male) |
| 18:40 | Build | House |
| 18:42 | Research | Wheelbarrow |
| 18:51 | Create | Unit 2550 |
| 19:14 | Create | Unit 2550 |
| 19:33 | Create | Villager (Male) |
| 19:40 | Create | Unit 2550 |
| 19:48 | Create | Villager (Male) |
| 19:50 | Build | Town Center |
| 19:55 | Build | House |
| 20:01 | Research | Chain Mail Armor |
| 20:06 | Create | Unit 2550 |
| 20:10 | Create | Villager (Male) |
| 20:24 | Create | Unit 2550 |
| 20:46 | Create | Villager (Male) |
| 20:50 | Create | Unit 2550 |
| 20:53 | Create | Villager (Male) |
| 21:05 | Create | Unit 2550 |
| 21:18 | Create | Villager (Male) |
| 21:18 | Build | Farm |
| 21:19 | Build | Farm |
| 21:19 | Build | Farm |
| 21:38 | Create | Villager (Male) |
| 21:46 | Create | Unit 2550 |
| 21:55 | Create | Villager (Male) |
| 21:58 | Create | Villager (Male) |
| 21:59 | Build | Farm |
| 22:01 | Build | Farm |
| 22:04 | Create | Unit 2550 |
| 22:13 | Create | Villager (Male) |
| 22:15 | Build | Farm |
| 22:15 | Build | Farm |
| 22:18 | Create | Villager (Male) |
| 22:18 | Create | Villager (Male) |
| 22:31 | Build | Settlement |
| 22:35 | Create | Unit 2550 |
| 22:39 | Create | Unit 2550 |
| 22:47 | Create | Unit 2550 |
| 22:50 | Create | Villager (Male) |
| 22:57 | Create | Unit 2550 |
| 23:06 | Create | Unit 2550 |
| 23:18 | Create | Unit 2550 |
| 23:23 | Research | Town Watch |
| 23:24 | Create | Villager (Male) |
| 23:28 | Create | Villager (Male) |
| 23:28 | Create | Villager (Male) |
| 23:35 | Build | Town Center |
| 24:04 | Create | Villager (Male) |
| 24:07 | Build | Monastery |
| 24:15 | Create | Villager (Male) |
| 24:18 | Build | Farm |
| 24:18 | Build | Farm |
| 24:22 | Create | Unit 2550 |
| 24:22 | Create | Unit 2550 |
| 24:40 | Create | Villager (Male) |
| 24:48 | Research | Fletching |
| 24:49 | Create | Villager (Male) |
| 24:53 | Build | House |
| 24:56 | Build | House |
| 24:58 | Create | Unit 2550 |
| 25:01 | Build | House |
| 25:06 | Create | Villager (Male) |
| 25:10 | Build | Farm |
| 25:10 | Build | Farm |
| 25:12 | Create | Villager (Male) |
| 25:13 | Build | Farm |
| 25:14 | Build | Farm |
| 25:14 | Build | Farm |
Build order — President Jibbet
First 150 of 184 actions detected
| 0:01 | Create | Villager (Male) |
| 0:01 | Create | Villager (Male) |
| 0:01 | Create | Villager (Male) |
| 0:01 | Create | Villager (Male) |
| 0:02 | Build | House |
| 0:03 | Build | House |
| 1:26 | Create | Villager (Male) |
| 1:53 | Build | Lumber Camp |
| 1:59 | Create | Villager (Male) |
| 2:18 | Create | Villager (Male) |
| 2:49 | Create | Villager (Male) |
| 2:49 | Create | Villager (Male) |
| 3:20 | Research | Double-Bit Axe |
| 3:27 | Create | Villager (Male) |
| 4:00 | Create | Villager (Male) |
| 4:00 | Create | Villager (Male) |
| 4:07 | Build | House |
| 4:27 | Create | Villager (Male) |
| 4:37 | Build | Palisade Wall |
| 4:38 | Build | Palisade Wall |
| 4:49 | Create | Villager (Male) |
| 4:49 | Create | Villager (Male) |
| 5:00 | Create | Villager (Male) |
| 5:00 | Create | Villager (Male) |
| 5:04 | Build | Mill |
| 5:30 | Create | Villager (Male) |
| 5:30 | Create | Villager (Male) |
| 6:25 | Research | Loom |
| 7:06 | Research | Feudal Age |
| 7:14 | Build | Barracks |
| 7:16 | Build | House |
| 8:42 | Create | Villager (Male) |
| 9:16 | Age | Feudal Age |
| 9:16 | Build | Farm |
| 9:18 | Build | Stable |
| 9:22 | Build | Palisade Wall |
| 9:29 | Build | House |
| 9:32 | Research | Bow Saw |
| 9:34 | Create | Villager (Male) |
| 9:49 | Create | Villager (Male) |
| 9:53 | Research | Horse Collar |
| 9:55 | Create | Villager (Male) |
| 10:05 | Create | Scout Cavalry |
| 10:07 | Create | Villager (Male) |
| 10:09 | Build | Farm |
| 10:21 | Build | Palisade Wall |
| 10:23 | Build | Palisade Wall |
| 10:24 | Build | Palisade Wall |
| 10:24 | Build | Palisade Wall |
| 10:26 | Build | Palisade Wall |
| 10:27 | Create | Villager (Male) |
| 10:31 | Build | Farm |
| 10:44 | Create | Scout Cavalry |
| 10:47 | Build | Farm |
| 10:50 | Build | Farm |
| 11:04 | Create | Villager (Male) |
| 11:07 | Build | Farm |
| 11:17 | Build | Farm |
| 11:31 | Create | Villager (Male) |
| 11:34 | Build | Farm |
| 11:39 | Build | Farm |
| 11:48 | Create | Villager (Male) |
| 11:56 | Build | Farm |
| 11:57 | Build | Farm |
| 11:58 | Create | Villager (Male) |
| 12:10 | Create | Villager (Male) |
| 12:12 | Build | Farm |
| 12:15 | Create | Scout Cavalry |
| 12:19 | Build | House |
| 12:20 | Build | House |
| 12:29 | Create | Villager (Male) |
| 12:29 | Create | Villager (Male) |
| 12:37 | Build | Farm |
| 12:44 | Create | Villager (Male) |
| 13:01 | Build | Farm |
| 13:19 | Create | Villager (Male) |
| 13:30 | Build | Mining Camp |
| 13:36 | Build | Palisade Wall |
| 13:39 | Create | Villager (Male) |
| 14:04 | Create | Villager (Male) |
| 14:17 | Build | Blacksmith |
| 14:19 | Build | House |
| 14:22 | Create | Villager (Male) |
| 14:28 | Research | Wheelbarrow |
| 15:01 | Build | Market |
| 15:11 | Create | Villager (Male) |
| 15:53 | Create | Villager (Male) |
| 16:17 | Research | Castle Age |
| 16:20 | Build | Stable |
| 16:22 | Build | House |
| 16:58 | Create | Villager (Male) |
| 17:25 | Create | Villager (Male) |
| 17:35 | Build | Palisade Gate |
| 17:37 | Build | House |
| 17:38 | Create | Villager (Male) |
| 17:41 | Research | Scale Barding Armor |
| 17:41 | Research | Forging |
| 18:03 | Build | Palisade Wall |
| 18:04 | Build | Palisade Wall |
| 18:22 | Create | Villager (Male) |
| 18:38 | Build | Palisade Wall |
| 18:45 | Create | Villager (Male) |
| 18:58 | Age | Castle Age |
| 19:00 | Create | Knight |
| 19:00 | Create | Knight |
| 19:04 | Research | Cavalier (upgrade) |
| 19:10 | Build | House |
| 19:13 | Build | House |
| 19:18 | Create | Villager (Male) |
| 19:23 | Build | Town Center |
| 19:26 | Create | Villager (Male) |
| 19:36 | Create | Knight |
| 19:36 | Create | Knight |
| 19:49 | Create | Knight |
| 19:51 | Create | Villager (Male) |
| 20:00 | Build | Farm |
| 20:09 | Build | House |
| 20:13 | Create | Knight ×2 |
| 20:13 | Create | Knight ×2 |
| 20:14 | Create | Villager (Male) |
| 20:26 | Build | House |
| 20:27 | Build | House |
| 20:30 | Build | Palisade Wall |
| 20:32 | Create | Villager (Male) |
| 20:35 | Build | House |
| 20:41 | Create | Villager (Male) |
| 20:52 | Create | Knight |
| 20:52 | Create | Knight |
| 20:54 | Create | Villager (Male) |
| 20:55 | Create | Villager (Male) |
| 21:00 | Create | Villager (Male) |
| 21:09 | Create | Villager (Male) |
| 21:24 | Build | Stable |
| 21:28 | Build | Farm |
| 21:30 | Build | Farm |
| 21:30 | Create | Villager (Male) |
| 21:36 | Create | Knight |
| 21:48 | Create | Villager (Male) |
| 21:53 | Build | Farm |
| 22:01 | Create | Knight |
| 22:02 | Create | Knight |
| 22:06 | Create | Knight ×2 |
| 22:13 | Create | Villager (Male) |
| 22:16 | Build | Farm |
| 22:22 | Create | Villager (Male) |
| 22:30 | Create | Villager (Male) |
| 22:43 | Create | Villager (Male) |
| 22:46 | Build | Farm |
| 22:53 | Create | Villager (Male) |
| 23:17 | Build | Farm |
Build order — [R1] Pume
First 150 of 171 actions detected
| 0:01 | Create | Villager (Male) |
| 0:02 | Build | House |
| 0:02 | Create | Villager (Male) |
| 0:03 | Build | House |
| 0:05 | Create | Villager (Male) |
| 0:09 | Create | Villager (Male) |
| 1:25 | Create | Villager (Male) |
| 1:59 | Build | Lumber Camp |
| 2:02 | Create | Villager (Male) |
| 2:30 | Create | Villager (Male) |
| 2:40 | Create | Villager (Male) |
| 3:11 | Create | Villager (Male) |
| 3:18 | Build | House |
| 3:53 | Create | Villager (Male) |
| 3:53 | Create | Villager (Male) |
| 4:18 | Create | Villager (Male) |
| 4:23 | Build | Barracks |
| 5:12 | Create | Villager (Male) |
| 5:24 | Create | Militia |
| 5:34 | Create | Villager (Male) |
| 5:38 | Create | Villager (Male) |
| 5:40 | Build | Mill |
| 5:41 | Build | House |
| 5:48 | Create | Militia |
| 6:45 | Create | Villager (Male) |
| 6:45 | Create | Villager (Male) |
| 6:51 | Create | Villager (Male) |
| 7:08 | Create | Villager (Male) |
| 7:24 | Create | Villager (Male) |
| 7:27 | Create | Villager (Male) |
| 7:32 | Build | Mining Camp |
| 7:40 | Build | House |
| 8:43 | Build | Mining Camp |
| 9:04 | Research | Loom |
| 9:11 | Build | Palisade Wall |
| 9:20 | Create | Villager (Male) |
| 9:22 | Build | Farm |
| 9:42 | Research | Feudal Age |
| 9:43 | Build | Farm |
| 9:54 | Create | Villager (Male) |
| 10:06 | Build | House |
| 10:07 | Build | Palisade Wall |
| 10:12 | Build | Farm |
| 11:43 | Build | Palisade Wall |
| 11:46 | Build | Palisade Wall |
| 11:54 | Build | Palisade Wall |
| 11:55 | Build | Palisade Wall |
| 12:02 | Create | Villager (Male) |
| 12:15 | Age | Feudal Age |
| 12:17 | Build | Market |
| 12:21 | Build | Blacksmith |
| 12:26 | Build | Palisade Wall |
| 12:49 | Build | Palisade Wall |
| 12:54 | Build | House |
| 13:07 | Create | Villager (Male) |
| 13:30 | Research | Castle Age |
| 14:04 | Build | Farm |
| 14:23 | Build | Farm |
| 14:41 | Build | Farm |
| 14:48 | Research | Double-Bit Axe |
| 15:01 | Build | House |
| 15:09 | Create | Villager (Male) |
| 16:12 | Age | Castle Age |
| 16:18 | Build | Castle |
| 16:20 | Create | Villager (Male) |
| 16:29 | Research | Bow Saw |
| 16:31 | Create | Villager (Male) |
| 17:02 | Create | Villager (Male) |
| 17:14 | Create | Villager (Male) |
| 17:16 | Build | Mining Camp |
| 17:29 | Build | Farm |
| 17:31 | Build | Farm |
| 17:33 | Build | Farm |
| 17:40 | Create | Mameluke |
| 17:41 | Create | Villager (Male) |
| 17:47 | Build | Farm |
| 17:48 | Create | Villager (Male) |
| 17:54 | Create | Villager (Male) |
| 17:56 | Build | Farm |
| 18:02 | Create | Mameluke |
| 18:12 | Build | Farm |
| 18:33 | Create | Mameluke |
| 18:34 | Create | Villager (Male) |
| 18:52 | Create | Villager (Male) |
| 18:58 | Create | Mameluke |
| 19:01 | Create | Villager (Male) |
| 19:03 | Build | Farm |
| 19:12 | Create | Villager (Male) |
| 19:24 | Create | Mameluke |
| 19:39 | Research | Scale Barding Armor |
| 19:40 | Build | Farm |
| 19:53 | Create | Mameluke |
| 19:53 | Create | Mameluke |
| 20:06 | Create | Villager (Male) |
| 20:25 | Create | Mameluke |
| 20:32 | Create | Villager (Male) |
| 20:34 | Build | Farm |
| 20:35 | Build | Farm |
| 20:53 | Create | Villager (Male) |
| 20:57 | Create | Mameluke |
| 21:03 | Build | Farm |
| 21:11 | Create | Villager (Male) |
| 21:14 | Build | Farm |
| 21:25 | Build | Farm |
| 21:29 | Build | Stable |
| 21:37 | Create | Mameluke |
| 21:47 | Research | Forging |
| 22:02 | Create | Mameluke |
| 22:09 | Create | Mameluke |
| 22:26 | Create | Villager (Male) |
| 22:31 | Create | Mameluke |
| 22:32 | Create | Villager (Male) |
| 22:44 | Create | Villager (Male) |
| 22:56 | Research | Bloodlines |
| 23:06 | Build | Farm |
| 23:07 | Create | Villager (Male) |
| 23:23 | Create | Villager (Male) |
| 23:25 | Build | Farm |
| 23:25 | Create | Villager (Male) |
| 23:39 | Build | Siege Workshop |
| 23:41 | Create | Mameluke |
| 23:56 | Research | Husbandry |
| 24:02 | Create | Mameluke |
| 24:13 | Create | Villager (Male) |
| 24:14 | Build | Farm |
| 24:17 | Build | Farm |
| 24:20 | Create | Villager (Male) |
| 24:32 | Create | Villager (Male) |
| 24:49 | Create | Villager (Male) |
| 24:50 | Create | Mameluke |
| 24:59 | Build | Lumber Camp |
| 25:00 | Create | Villager (Male) |
| 25:06 | Create | Villager (Male) |
| 25:18 | Create | Mangonel |
| 25:18 | Create | Villager (Male) |
| 25:20 | Build | House |
| 25:20 | Create | Mameluke |
| 25:24 | Build | Farm |
| 25:31 | Create | Villager (Male) |
| 25:39 | Create | Mameluke |
| 25:39 | Create | Mameluke |
| 25:47 | Build | Farm |
| 25:49 | Research | Gold Mining |
| 25:56 | Create | Mameluke |
| 25:59 | Build | House |
| 26:15 | Create | Mameluke |
| 26:19 | Build | Farm |
| 26:21 | Create | Villager (Male) |
| 26:33 | Create | Mameluke |
| 26:34 | Create | Villager (Male) |
Build order — naschnator
First 150 of 168 actions detected
| 0:00 | Create | Villager (Male) |
| 0:01 | Create | Villager (Male) |
| 0:01 | Create | Villager (Male) |
| 0:02 | Build | House |
| 0:04 | Build | House |
| 1:17 | Create | Villager (Male) |
| 1:37 | Create | Villager (Male) |
| 2:09 | Create | Villager (Male) |
| 2:11 | Build | Lumber Camp |
| 2:29 | Create | Villager (Male) |
| 2:58 | Create | Villager (Male) |
| 3:18 | Create | Villager (Male) |
| 3:43 | Create | Villager (Male) |
| 3:44 | Create | Villager (Male) |
| 3:55 | Build | House |
| 4:29 | Create | Villager (Male) |
| 4:40 | Build | Mill |
| 5:04 | Create | Villager (Male) |
| 5:30 | Create | Villager (Male) |
| 5:52 | Create | Villager (Male) |
| 6:21 | Research | Loom |
| 6:49 | Research | Feudal Age |
| 7:42 | Build | Palisade Wall |
| 7:45 | Build | Mining Camp |
| 8:12 | Build | Barracks |
| 8:33 | Build | House |
| 8:36 | Create | Villager (Male) |
| 8:59 | Age | Feudal Age |
| 9:04 | Build | Archery Range |
| 9:19 | Build | Archery Range |
| 9:21 | Create | Villager (Male) |
| 9:33 | Create | Villager (Male) |
| 9:59 | Build | Palisade Wall |
| 10:01 | Create | Archer |
| 10:14 | Create | Villager (Male) |
| 10:15 | Create | Archer |
| 10:18 | Build | House |
| 10:20 | Build | Palisade Wall |
| 10:34 | Create | Villager (Male) |
| 10:35 | Create | Archer |
| 10:56 | Build | Blacksmith |
| 10:59 | Build | House |
| 11:04 | Create | Archer |
| 11:05 | Create | Archer |
| 11:18 | Create | Archer |
| 11:19 | Create | Villager (Male) |
| 11:19 | Create | Villager (Male) |
| 11:22 | Build | House |
| 11:25 | Build | Palisade Wall |
| 11:42 | Create | Archer |
| 11:43 | Create | Villager (Male) |
| 11:51 | Build | Palisade Wall |
| 11:53 | Build | Palisade Wall |
| 12:11 | Research | Fletching |
| 12:15 | Create | Villager (Male) |
| 12:45 | Create | Archer |
| 12:46 | Create | Villager (Male) |
| 12:52 | Build | Palisade Gate |
| 12:54 | Build | House |
| 13:11 | Create | Archer |
| 13:36 | Create | Archer |
| 13:40 | Build | Farm |
| 13:41 | Build | Farm |
| 13:43 | Research | Double-Bit Axe |
| 14:05 | Create | Archer |
| 14:06 | Create | Archer |
| 14:06 | Create | Villager (Male) |
| 14:14 | Create | Villager (Male) |
| 14:15 | Build | Farm |
| 14:18 | Build | Farm |
| 14:35 | Create | Villager (Male) |
| 15:06 | Build | Market |
| 15:12 | Create | Villager (Male) |
| 15:14 | Build | House |
| 15:41 | Build | Farm |
| 15:42 | Build | Farm |
| 15:47 | Create | Villager (Male) |
| 16:20 | Create | Archer |
| 16:20 | Create | Archer |
| 16:20 | Create | Archer |
| 16:31 | Create | Archer |
| 16:31 | Create | Archer |
| 16:32 | Create | Villager (Male) |
| 16:33 | Create | Villager (Male) |
| 16:44 | Create | Archer |
| 16:47 | Create | Villager (Male) |
| 17:37 | Create | Villager (Male) |
| 18:12 | Build | Farm |
| 18:13 | Build | Farm |
| 18:20 | Build | Lumber Camp |
| 19:13 | Create | Villager (Male) |
| 19:21 | Research | Castle Age |
| 19:43 | Build | Archery Range |
| 19:46 | Create | Archer |
| 19:46 | Create | Archer |
| 19:53 | Build | House |
| 20:00 | Build | House |
| 20:06 | Build | House |
| 20:35 | Build | House |
| 20:39 | Build | Palisade Wall |
| 20:48 | Create | Archer |
| 20:49 | Create | Archer |
| 20:51 | Create | Archer |
| 21:07 | Create | Archer |
| 21:07 | Create | Archer |
| 21:40 | Build | House |
| 21:42 | Build | House |
| 21:44 | Build | House |
| 21:47 | Build | House |
| 22:01 | Age | Castle Age |
| 22:04 | Research | Crossbowman (upgrade) |
| 22:08 | Research | Bodkin Arrow |
| 22:32 | Create | Villager (Male) |
| 23:06 | Create | Villager (Male) |
| 23:06 | Create | Villager (Male) |
| 23:07 | Create | Archer |
| 23:08 | Create | Archer |
| 23:29 | Create | Villager (Male) |
| 23:30 | Create | Archer |
| 23:41 | Build | Siege Workshop |
| 23:48 | Create | Villager (Male) |
| 23:50 | Build | Town Center |
| 24:06 | Build | Farm |
| 24:07 | Build | Farm |
| 24:29 | Create | Archer |
| 24:30 | Create | Archer |
| 24:30 | Create | Archer |
| 24:40 | Create | Archer |
| 24:41 | Create | Archer |
| 24:48 | Create | Archer |
| 24:48 | Create | Villager (Male) |
| 24:49 | Create | Villager (Male) |
| 24:49 | Create | Villager (Male) |
| 24:54 | Create | Mangonel |
| 25:04 | Build | Farm |
| 25:06 | Create | Villager (Male) |
| 25:06 | Create | Villager (Male) |
| 25:08 | Create | Villager (Male) |
| 25:24 | Create | Archer |
| 25:24 | Create | Archer |
| 25:25 | Create | Villager (Male) |
| 25:35 | Create | Villager (Male) |
| 25:48 | Create | Mangonel |
| 26:09 | Create | Villager (Male) |
| 26:10 | Create | Villager (Male) |
| 26:12 | Build | Farm |
| 26:13 | Build | Farm |
| 26:14 | Build | Farm |
| 26:20 | Create | Archer |
| 26:46 | Create | Archer |
Build order — Brodo Swaggins
First 150 of 191 actions detected
| 0:00 | Create | Villager (Male) |
| 0:01 | Create | Villager (Male) |
| 0:01 | Create | Villager (Male) |
| 0:02 | Build | House |
| 0:04 | Build | House |
| 0:17 | Create | Villager (Male) |
| 1:15 | Create | Villager (Male) |
| 2:04 | Create | Villager (Male) |
| 2:09 | Build | Lumber Camp |
| 2:18 | Create | Villager (Male) |
| 2:51 | Create | Villager (Male) |
| 3:03 | Create | Villager (Male) |
| 3:31 | Create | Villager (Male) |
| 3:31 | Create | Villager (Male) |
| 4:12 | Create | Villager (Male) |
| 4:23 | Build | House |
| 4:26 | Create | Villager (Male) |
| 4:42 | Research | Loom |
| 4:42 | Create | Villager (Male) |
| 4:43 | Create | Villager (Male) |
| 4:49 | Build | Palisade Wall |
| 4:53 | Build | Palisade Wall |
| 5:06 | Build | Palisade Wall |
| 5:37 | Build | Mill |
| 5:57 | Create | Villager (Male) |
| 5:57 | Create | Villager (Male) |
| 5:58 | Create | Villager (Male) |
| 5:58 | Create | Villager (Male) |
| 6:09 | Build | House |
| 7:35 | Build | Palisade Wall |
| 7:39 | Create | Villager (Male) |
| 8:05 | Create | Villager (Male) |
| 8:25 | Build | Palisade Wall |
| 8:33 | Research | Feudal Age |
| 8:46 | Build | Barracks |
| 9:15 | Create | Villager (Male) |
| 9:34 | Build | Mining Camp |
| 9:53 | Create | Villager (Male) |
| 10:43 | Age | Feudal Age |
| 10:44 | Build | Archery Range |
| 10:47 | Create | Villager (Male) |
| 10:57 | Research | Double-Bit Axe |
| 11:08 | Create | Villager (Male) |
| 11:09 | Create | Villager (Male) |
| 11:15 | Build | House |
| 11:18 | Create | Villager (Male) |
| 11:31 | Build | House |
| 11:34 | Create | Spearman |
| 11:42 | Create | Villager (Male) |
| 11:47 | Create | Villager (Male) |
| 11:50 | Build | House |
| 11:55 | Build | House |
| 12:04 | Create | Archer |
| 12:04 | Create | Archer |
| 12:15 | Create | Skirmisher |
| 12:15 | Create | Skirmisher |
| 12:31 | Build | Palisade Wall |
| 12:35 | Build | House |
| 12:49 | Create | Spearman |
| 12:50 | Create | Skirmisher |
| 12:51 | Create | Villager (Male) |
| 12:52 | Create | Villager (Male) |
| 13:05 | Create | Skirmisher |
| 13:11 | Build | Archery Range |
| 13:19 | Create | Villager (Male) |
| 13:52 | Build | Blacksmith |
| 13:55 | Create | Villager (Male) |
| 14:02 | Build | Farm |
| 14:14 | Create | Spearman |
| 14:16 | Create | Skirmisher |
| 14:23 | Build | Farm |
| 14:26 | Build | Farm |
| 14:28 | Build | Farm |
| 14:31 | Build | Farm |
| 14:33 | Create | Villager (Male) |
| 14:33 | Create | Villager (Male) |
| 14:51 | Create | Villager (Male) |
| 14:52 | Create | Skirmisher |
| 15:23 | Build | Lumber Camp |
| 15:28 | Build | Farm |
| 15:30 | Build | Farm |
| 15:39 | Create | Villager (Male) |
| 15:51 | Build | Palisade Gate |
| 16:10 | Create | Skirmisher |
| 16:11 | Create | Skirmisher |
| 16:21 | Build | Archery Range |
| 16:23 | Create | Skirmisher |
| 16:37 | Create | Villager (Male) |
| 16:37 | Create | Villager (Male) |
| 16:41 | Build | Farm |
| 16:41 | Build | Farm |
| 16:41 | Build | Farm |
| 16:41 | Build | Farm |
| 16:42 | Build | Farm |
| 16:48 | Create | Skirmisher |
| 16:57 | Build | House |
| 16:59 | Build | House |
| 16:59 | Build | House |
| 17:09 | Create | Skirmisher |
| 17:16 | Build | Farm |
| 17:16 | Build | Farm |
| 17:16 | Build | Farm |
| 17:49 | Research | Fletching |
| 17:53 | Create | Skirmisher |
| 17:58 | Create | Villager (Male) |
| 18:02 | Build | Farm |
| 18:03 | Build | Farm |
| 18:04 | Build | Farm |
| 18:24 | Create | Villager (Male) |
| 18:25 | Create | Villager (Male) |
| 18:38 | Build | Market |
| 18:45 | Create | Skirmisher |
| 18:45 | Create | Skirmisher |
| 18:46 | Create | Skirmisher |
| 18:46 | Create | Skirmisher |
| 18:46 | Create | Skirmisher |
| 19:08 | Create | Villager (Male) |
| 19:12 | Create | Villager (Male) |
| 19:22 | Research | Town Watch |
| 19:23 | Create | Villager (Male) |
| 19:34 | Create | Skirmisher |
| 19:34 | Create | Skirmisher |
| 19:49 | Create | Villager (Male) |
| 19:50 | Create | Villager (Male) |
| 20:00 | Build | Lumber Camp |
| 20:10 | Create | Skirmisher |
| 20:10 | Create | Skirmisher |
| 20:11 | Create | Skirmisher |
| 20:36 | Create | Villager (Male) |
| 20:37 | Create | Skirmisher |
| 20:38 | Create | Skirmisher |
| 20:41 | Create | Skirmisher |
| 20:46 | Build | Lumber Camp |
| 20:47 | Create | Villager (Male) |
| 20:47 | Create | Villager (Male) |
| 21:00 | Create | Skirmisher |
| 21:00 | Create | Skirmisher |
| 21:22 | Create | Spearman |
| 21:22 | Create | Spearman |
| 21:22 | Create | Spearman |
| 21:34 | Build | House |
| 21:38 | Build | House |
| 21:39 | Build | House |
| 21:42 | Build | House |
| 21:48 | Research | Wheelbarrow |
| 23:05 | Research | Castle Age |
| 23:08 | Create | Skirmisher |
| 23:21 | Research | Horse Collar |
| 23:25 | Build | Farm |
| 23:40 | Create | Spearman |
Build order — nicetobeatyou
First 150 of 174 actions detected
| 0:00 | Create | Villager (Male) |
| 0:01 | Create | Villager (Male) |
| 0:01 | Create | Villager (Male) |
| 0:07 | Create | Villager (Male) |
| 1:17 | Create | Villager (Male) |
| 1:17 | Create | Villager (Male) |
| 1:52 | Build | Lumber Camp |
| 1:55 | Create | Villager (Male) |
| 1:55 | Create | Villager (Male) |
| 2:04 | Create | Villager (Male) |
| 2:04 | Create | Villager (Male) |
| 2:39 | Create | Villager (Male) |
| 2:54 | Create | Villager (Male) |
| 3:30 | Create | Villager (Male) |
| 3:31 | Create | Villager (Male) |
| 3:41 | Build | Palisade Wall |
| 3:56 | Create | Villager (Male) |
| 4:21 | Create | Villager (Male) |
| 4:28 | Build | Palisade Wall |
| 4:59 | Create | Villager (Male) |
| 5:20 | Build | Mill |
| 5:23 | Create | Villager (Male) |
| 5:45 | Create | Villager (Male) |
| 5:50 | Research | Loom |
| 6:03 | Create | Villager (Male) |
| 6:46 | Research | Feudal Age |
| 7:33 | Build | Barracks |
| 8:06 | Create | Villager (Male) |
| 8:36 | Create | Villager (Male) |
| 8:56 | Age | Feudal Age |
| 9:01 | Build | Stable |
| 9:05 | Research | Horse Collar |
| 9:14 | Build | Palisade Wall |
| 9:31 | Build | Palisade Wall |
| 9:42 | Build | Palisade Wall |
| 9:44 | Build | Palisade Wall |
| 9:57 | Create | Scout Cavalry |
| 9:57 | Create | Scout Cavalry |
| 9:57 | Create | Scout Cavalry |
| 10:06 | Create | Villager (Male) |
| 10:10 | Build | Farm |
| 10:10 | Build | Farm |
| 10:18 | Create | Villager (Male) |
| 10:34 | Create | Villager (Male) |
| 10:41 | Build | Farm |
| 10:47 | Create | Scout Cavalry |
| 10:54 | Build | Farm |
| 10:56 | Build | Farm |
| 11:04 | Create | Villager (Male) |
| 11:26 | Build | Farm |
| 11:37 | Create | Villager (Male) |
| 11:56 | Build | Farm |
| 11:57 | Build | Farm |
| 12:10 | Create | Villager (Male) |
| 12:14 | Build | Farm |
| 12:24 | Create | Scout Cavalry |
| 12:28 | Build | Farm |
| 12:39 | Create | Villager (Male) |
| 12:39 | Create | Villager (Male) |
| 12:58 | Create | Villager (Male) |
| 13:06 | Create | Villager (Male) |
| 13:17 | Build | Blacksmith |
| 13:18 | Create | Villager (Male) |
| 13:21 | Build | Farm |
| 13:29 | Create | Villager (Male) |
| 13:54 | Build | Palisade Wall |
| 13:57 | Create | Villager (Male) |
| 13:59 | Build | Farm |
| 14:03 | Research | Double-Bit Axe |
| 14:32 | Create | Villager (Male) |
| 14:34 | Build | Mining Camp |
| 14:44 | Research | Wheelbarrow |
| 14:45 | Create | Villager (Male) |
| 14:59 | Create | Villager (Male) |
| 15:19 | Create | Villager (Male) |
| 15:25 | Build | Farm |
| 15:47 | Build | Lumber Camp |
| 16:17 | Build | Farm |
| 16:47 | Build | Farm |
| 16:49 | Build | Farm |
| 17:18 | Research | Castle Age |
| 17:57 | Build | Farm |
| 18:03 | Build | Farm |
| 18:04 | Build | Farm |
| 18:09 | Build | Stable |
| 18:53 | Research | Scale Barding Armor |
| 18:57 | Research | Bloodlines |
| 19:25 | Create | Villager (Male) |
| 19:40 | Create | Villager (Male) |
| 19:42 | Research | Forging |
| 19:58 | Age | Castle Age |
| 19:59 | Create | Knight |
| 19:59 | Create | Knight |
| 20:03 | Build | Palisade Wall |
| 20:05 | Build | Palisade Wall |
| 20:07 | Create | Villager (Male) |
| 20:13 | Build | Palisade Wall |
| 20:17 | Build | Palisade Gate |
| 20:25 | Create | Knight |
| 20:25 | Create | Knight |
| 20:33 | Build | Palisade Gate |
| 20:47 | Build | Palisade Gate |
| 21:02 | Create | Villager (Male) |
| 21:03 | Create | Villager (Male) |
| 21:19 | Build | Palisade Wall |
| 21:21 | Create | Villager (Male) |
| 21:23 | Research | Bow Saw |
| 21:23 | Research | Bow Saw |
| 21:24 | Research | Heavy Plow |
| 21:24 | Research | Heavy Plow |
| 21:29 | Build | Town Center |
| 21:46 | Create | Knight |
| 21:48 | Create | Villager (Male) |
| 21:51 | Build | Town Center |
| 21:58 | Create | Villager (Male) |
| 21:58 | Create | Villager (Male) |
| 22:42 | Create | Villager (Male) |
| 22:44 | Create | Villager (Male) |
| 22:49 | Create | Villager (Male) |
| 22:50 | Create | Villager (Male) |
| 22:51 | Create | Knight |
| 22:52 | Create | Knight |
| 23:02 | Create | Villager (Male) |
| 23:02 | Create | Villager (Male) |
| 23:20 | Build | Farm |
| 23:22 | Build | Farm |
| 23:22 | Build | Farm |
| 23:23 | Create | Knight |
| 23:32 | Create | Knight |
| 23:34 | Build | Farm |
| 23:35 | Build | Farm |
| 23:57 | Create | Villager (Male) |
| 24:11 | Create | Villager (Male) |
| 24:11 | Create | Villager (Male) |
| 24:11 | Create | Villager (Male) |
| 24:17 | Create | Villager (Male) |
| 24:41 | Create | Villager (Male) |
| 24:45 | Create | Knight |
| 25:00 | Create | Villager (Male) |
| 25:00 | Create | Villager (Male) |
| 25:04 | Build | Farm |
| 25:11 | Build | Farm |
| 25:14 | Build | Farm |
| 25:15 | Create | Knight |
| 25:20 | Create | Villager (Male) |
| 25:27 | Create | Villager (Male) |
| 25:55 | Build | Farm |
| 25:56 | Build | Farm |
| 26:12 | Build | Farm |
| 26:31 | Create | Villager (Male) |
Match timeline
| 3:41 | nicetobeatyou · wall_segment Palisade Wall x5 |
| 4:23 | [R1] Pume · first_building Barracks |
| 4:28 | nicetobeatyou · wall_segment Palisade Wall x4 |
| 4:37 | President Jibbet · wall_segment Palisade Wall x1 |
| 4:38 | President Jibbet · wall_segment Palisade Wall x1 |
| 4:49 | Brodo Swaggins · wall_segment Palisade Wall x8 |
| 4:53 | Brodo Swaggins · wall_segment Palisade Wall x14 |
| 5:06 | Brodo Swaggins · wall_segment Palisade Wall x13 |
| 7:14 | President Jibbet · first_building Barracks |
| 7:18 | Moneimon · wall_segment Palisade Wall x3 |
| 7:33 | nicetobeatyou · first_building Barracks |
| 7:35 | Brodo Swaggins · wall_segment Palisade Wall x12 |
| 7:42 | naschnator · wall_segment Palisade Wall x1 |
| 8:09 | Vhuim · first_building Barracks |
| 8:12 | naschnator · first_building Barracks |
| 8:16 | Vhuim · wall_segment Palisade Wall x1 |
| 8:25 | Brodo Swaggins · wall_segment Palisade Wall x1 |
| 8:46 | Brodo Swaggins · first_building Barracks |
| 8:56 | nicetobeatyou · age_up feudal |
| 8:59 | naschnator · age_up feudal |
| 9:01 | nicetobeatyou · first_building Stable |
| 9:04 | naschnator · first_building Archery Range |
| 9:11 | [R1] Pume · wall_segment Palisade Wall x5 |
| 9:14 | nicetobeatyou · wall_segment Palisade Wall x5 |
| 9:14 | Moneimon · age_up feudal |
| 9:16 | President Jibbet · age_up feudal |
| 9:18 | President Jibbet · first_building Stable |
| 9:22 | President Jibbet · wall_segment Palisade Wall x1 |
| 9:31 | nicetobeatyou · wall_segment Palisade Wall x5 |
| 9:42 | nicetobeatyou · wall_segment Palisade Wall x1 |
| 9:44 | nicetobeatyou · wall_segment Palisade Wall x1 |
| 9:59 | naschnator · wall_segment Palisade Wall x6 |
| 10:07 | [R1] Pume · wall_segment Palisade Wall x1 |
| 10:18 | Moneimon · wall_segment Palisade Wall x10 |
| 10:18 | Moneimon · wall_segment Palisade Wall x1 |
| 10:20 | naschnator · wall_segment Palisade Wall x3 |
| 10:21 | President Jibbet · wall_segment Palisade Wall x1 |
| 10:23 | President Jibbet · wall_segment Palisade Wall x1 |
| 10:24 | President Jibbet · wall_segment Palisade Wall x1 |
| 10:24 | President Jibbet · wall_segment Palisade Wall x1 |
| 10:26 | President Jibbet · wall_segment Palisade Wall x1 |
| 10:33 | Vhuim · age_up feudal |
| 10:38 | Vhuim · first_building Archery Range |
| 10:43 | Brodo Swaggins · age_up feudal |
| 10:44 | Brodo Swaggins · first_building Archery Range |
| 11:22 | Oni.TaToH · age_up feudal |
| 11:25 | naschnator · wall_segment Palisade Wall x10 |
| 11:30 | Moneimon · wall_segment Palisade Wall x12 |
| 11:43 | [R1] Pume · wall_segment Palisade Wall x1 |
| 11:46 | [R1] Pume · wall_segment Palisade Wall x1 |
| 11:51 | naschnator · wall_segment Palisade Wall x8 |
| 11:53 | naschnator · wall_segment Palisade Wall x4 |
| 11:54 | [R1] Pume · wall_segment Palisade Wall x1 |
| 11:55 | [R1] Pume · wall_segment Palisade Wall x1 |
| 12:12 | Oni.TaToH · first_building Barracks |
| 12:15 | [R1] Pume · age_up feudal |
| 12:16 | Oni.TaToH · first_market_sell 100 stone |
| 12:26 | [R1] Pume · wall_segment Palisade Wall x1 |
| 12:31 | Brodo Swaggins · wall_segment Palisade Wall x1 |
| 12:49 | [R1] Pume · wall_segment Palisade Wall x1 |
| 13:14 | [R1] Pume · first_market_buy 100 food |
| 13:18 | [R1] Pume · first_market_sell 100 wood |
| 13:36 | President Jibbet · wall_segment Palisade Wall x5 |
| 13:54 | nicetobeatyou · wall_segment Palisade Wall x3 |
| 14:56 | Oni.TaToH · age_up castle |
| 16:08 | President Jibbet · first_market_sell 100 stone |
| 16:12 | [R1] Pume · age_up castle |
| 16:18 | [R1] Pume · first_building Castle |
| 17:02 | Moneimon · first_building Barracks |
| 17:20 | naschnator · first_market_sell 100 stone |
| 17:22 | naschnator · first_market_buy 100 food |
| 17:52 | Oni.TaToH · first_market_buy 100 food |
| 18:03 | President Jibbet · wall_segment Palisade Wall x4 |
| 18:04 | President Jibbet · wall_segment Palisade Wall x2 |
| 18:08 | Moneimon · first_building Stable |
| 18:38 | President Jibbet · wall_segment Palisade Wall x8 |
| 18:58 | President Jibbet · age_up castle |
| 19:26 | Vhuim · first_market_buy 100 food |
| 19:29 | Vhuim · first_market_sell 100 stone |
| 19:31 | Brodo Swaggins · first_market_buy 100 food |
| 19:57 | Moneimon · age_up castle |
| 19:58 | nicetobeatyou · age_up castle |
| 20:03 | nicetobeatyou · wall_segment Palisade Wall x4 |
| 20:05 | nicetobeatyou · wall_segment Palisade Wall x1 |
| 20:13 | nicetobeatyou · wall_segment Palisade Wall x1 |
| 20:30 | President Jibbet · wall_segment Palisade Wall x1 |
| 20:39 | naschnator · wall_segment Palisade Wall x1 |
| 21:19 | nicetobeatyou · wall_segment Palisade Wall x3 |
| 21:29 | [R1] Pume · first_building Stable |
| 22:01 | naschnator · age_up castle |
| 22:51 | President Jibbet · first_market_buy 100 stone |
| 22:55 | Brodo Swaggins · first_market_sell 100 wood |
| 23:34 | Vhuim · age_up castle |
| 23:39 | [R1] Pume · first_building Siege Workshop |
| 23:41 | naschnator · first_building Siege Workshop |
| 24:07 | Oni.TaToH · first_building Monastery |
| 24:09 | Vhuim · wall_segment Stone Wall x1 |
| 25:02 | Moneimon · first_market_buy 100 wood |
| 25:45 | Brodo Swaggins · age_up castle |
| 26:01 | Oni.TaToH · wall_segment Palisade Wall x1 |
| 26:33 | Brodo Swaggins · first_building Siege Workshop |
| 26:50 | naschnator · wall_segment Palisade Wall x1 |
| 26:53 | naschnator · wall_segment Palisade Wall x3 |
| 27:09 | Oni.TaToH · wall_segment Palisade Wall x1 |
| 27:11 | Oni.TaToH · wall_segment Palisade Wall x1 |
| 27:15 | Oni.TaToH · wall_segment Palisade Wall x1 |
| 27:58 | Moneimon · first_market_sell 500 food |
| 28:13 | nicetobeatyou · wall_segment Palisade Wall x1 |
| 28:14 | nicetobeatyou · wall_segment Palisade Wall x1 |
| 28:18 | Vhuim · resign |
| 29:36 | Moneimon · first_building Monastery |
[ AI ANALYSIS · 1 CREDIT ]
What really happened in this match?
Wolo.gg analyzes every decision: build order, eco, micro, common mistakes by bracket. Personalized analysis on WhatsApp or Discord in 30 seconds.
Civ guide
Cumans
Perfil
Jugador #249653